cohdb
Replays
Latest Replays
All Replays
Popular Replays
Top Player Replays
Match Explorer
How It Works
Community
CoH3 Stats
Reddit
Sign in to upload your games and track your stats! →
Sign in with Steam
Match 38268881
Unlisted
Match 38268881
Overview
Messages
Build Orders
End
Construct Barracks
1⁄4-ton 4x4 Truck
Selects Armored Battlegroup
Selects Veteran Crews
Riflemen Squad
Riflemen Squad
M1 Mortar Team
Construct Weapon Support Center
M1919 Machine Gun Team
Mechanized Support Center
Bazooka Squad
Grenade Package
Designate Forward Repair Station
M1919 Machine Gun Team
Construct Tank Depot
Bazooka Squad
Macho Man Randy Savage
Grottenolm
BIOHAZARD
lumezzz1919
0
0
Comments
sign in to comment!
No comments posted yet!